 Dungeon Crawl Stone Soup version 0.26.1-10-gdfb7c7de75 (webtiles) character file.

Game seed: 12608685143799783595

130 raph the Digger (level 4, -2/24 HPs)
             Began as a Deep Elf Earth Elementalist on Apr 11, 2021.
             Slain by Crazy Yiuf
             ... wielding a +4 quarterstaff of chaos
              (12 damage)
             ... on level 3 of the Dungeon.
             The game lasted 00:03:16 (1714 turns).

raph the Digger (Deep Elf Earth Elementalist)       Turns: 1714, Time: 00:03:18

Health: -2/24      AC:  2    Str:  5    XL:     4   Next: 90%
Magic:  12/12      EV: 14    Int: 21    God:
Gold:   60         SH:  0    Dex: 15    Spells: 5/11 levels left

rFire    . . .     SeeInvis .   h - +2 dagger (drain)
rCold    . . .     Faith    .   (no shield)
rNeg     . . .     Spirit   .   c - +0 robe
rPois    .         Reflect  .   (no helmet)
rElec    .         Harm     .   (no cloak)
rCorr    .         Rampage  .   (no gloves)
Will     .....                  (no boots)
Stlth    ++........             f - amulet of magic regeneration
HPRegen  0.08/turn              (no ring)
MPRegen  0.38/turn              (no ring)

@: no status effects
A: no striking features
a: no special abilities


You were on level 3 of the Dungeon.
You visited 1 branch of the dungeon, and saw 3 of its levels.

You collected 60 gold pieces.

Inventory:

Hand Weapons
 h - a +2 dagger of draining (weapon)
Missiles
 b - 97 stones
Armour
 c - a +0 robe (worn)
Jewellery
 f - an amulet of magic regeneration (around neck)
Wands
 n - a wand of flame (11)
Scrolls
 a - a scroll of enchant armour {unknown}
 d - a scroll of enchant weapon {unknown}
 e - a scroll of fear {unknown}
 l - a scroll of magic mapping {unknown}
 m - a scroll of identify {unknown}
Potions
 g - a potion of attraction {unknown}
 i - 2 potions of curing {unknown}
 j - a potion of ambrosia {unknown}
 k - a potion of berserk rage {unknown}


   Skills:
 + Level 3.4 Dodging
 + Level 3.6 Stealth
 + Level 4.1 Spellcasting
 - Level 1.1 Transmutations
 * Level 4.6 Earth Magic


You had 5 spell levels left.
You knew the following spells:

 Your Spells              Type           Power        Failure   Level
a - Sandblast             Erth           46%          1%          1
b - Passwall              Tmut/Erth      13%          5%          2
c - Stone Arrow           Conj/Erth      28%          14%         3

Your spell library contained the following spells:

 Spells                   Type           Power        Failure   Level
 Petrify                  Tmut/Erth      16%          36%         4
 Lee's Rapid Deconstruct  Erth           11%          43%         5


Dungeon Overview and Level Annotations

Branches:
Dungeon (2/15)

Altars:
Qazlal

Annotations:
D:3 1 runed translucent door, Crazy Yiuf


Message History

You kill the worm!
You start resting.
Magic restored.
You start resting.
HP restored.
Found a stormy altar of Qazlal.
b - 97 stones (gained 14)
A hobgoblin comes into view. It is wielding a +0 club.
You fall into a shaft and drop 1 floor!
The shaft crumbles and collapses.
Found a mace.
Found a runed translucent door.
Crazy Yiuf the Enlightened comes into view.
He is wielding a +4 quarterstaff of chaos.
Unknown command.
The helpless Crazy Yiuf fails to defend himself.
You puncture Crazy Yiuf!
Crazy Yiuf is heavily wounded.
Crazy Yiuf hits you with a +4 quarterstaff of chaos!
Ouch! That really hurt!
Space warps horribly around you!
Ouch! That really hurt!
You die...

# .#
. .##
#.#
##+##
#...#
#.@.#
#.g)#
#####


You could see Crazy Yiuf.

Vanquished Creatures
  Natasha (thrice) (D:2)
  Terence (D:2)
  An adder (D:2)
  A worm (D:2)
  A dart slug (D:1)
  A leopard gecko (D:1)
  A giant cockroach (D:1)
  4 goblins
  A kobold (D:2)
  3 bats
  2 frilled lizards
  2 rats
21 creatures vanquished.

Notes
Turn   | Place    | Note
-------+----------+-------------------------------------------
     0 | D:1      | raph the Deep Elf Earth Elementalist began the quest for
                  | the Orb.
     0 | D:1      | Reached XP level 1. HP: 10/10 MP: 6/6
   658 | D:1      | Reached XP level 2. HP: 15/15 MP: 5/8
   932 | D:2      | Noticed Natasha
   941 | D:2      | Killed Natasha
   942 | D:2      | Reached XP level 3. HP: 9/19 MP: 7/10
  1108 | D:2      | Learned a level 2 spell: Passwall
  1112 | D:2      | Learned a level 3 spell: Stone Arrow
  1181 | D:2      | Noticed Terence
  1197 | D:2      | Killed Terence
  1375 | D:2      | Noticed Natasha
  1380 | D:2      | Killed Natasha
  1381 | D:2      | Reached XP level 4. HP: 14/24 MP: 11/11
  1561 | D:2      | Noticed Natasha
  1564 | D:2      | Killed Natasha
  1702 | D:2      | Found a stormy altar of Qazlal.
  1712 | D:2      | You fall into a shaft and drop 1 floor!
  1712 | D:3      | Found a runed translucent door.
  1713 | D:3      | Noticed Crazy Yiuf
  1714 | D:3      | Slain by Crazy Yiuf

Illustrated notes

Levels and vault maps discovered:
D:1:      shiori_shiawase, layout_loops_corners, serial_glass, glass_columns_a,
          glass_columns_a, glass_columns_b, glass_columns_b, minmay_door_square
D:2:      layout_loops_cross, chequers_decorated_corner, grunt_qazlal_clouds,
          uniq_jessica, uniq_terence, uniq_natasha
D:3:      layout_loops_ring, xom_redecorated, uniq_grinder, uniq_sigmund,
          uniq_crazy_yiuf_cottage

Skill      XL: |  1  2  3  4 |
---------------+-------------+-----
Dodging        | 3 |  3.4
Stealth        | 3 |  3.6
Earth Magic    | 4 |  4.6
Spellcasting   | 4 |  4.1
Transmutations | |  1.1

Action                   |  1- 3 |  4- 6 || total
-------------------------+-------+-------++-------
Melee: Dagger            |     8 |     9 ||    17
 Cast: Sandblast         |    30 |     7 ||    37
 Stab: Sleeping          |     2 |     1 ||     3
Armor: Robe              |     3 |     1 ||     4
Dodge: Dodged            |    11 |    11 ||    22
